Map: Hecate LE

Players

LiquidClem (Clem)

  • Race: Terran Terran
  • League: Grandmaster
  • Spawn Location: 1:00

MaxPax - Winner!

  • Race: Protoss Protoss
  • League: Grandmaster
  • Spawn Location: 7:00

VOD

Have the link to the VOD?

Description

Time

  • Played on: Oct. 9, 2023, 4:24 p.m.
  • Length: 19:21
Show
View Real Time Build Order
Export as new Build Order

LiquidClem Terran 

Build Orders: Cyclone Opening, Reaper Expand 

Get SALT Encoding   

  12  0:00  SCV  
  13  0:12  SCV  
  14  0:17  Supply Depot  
  14  0:24  SCV  
  15  0:38  SCV  
  15  0:39  Barracks  
  15  0:42  Refinery  
  16  0:50  SCV  
  17  1:02  SCV  
  18  1:14  SCV  
  19  1:26  Reaper  
  19  1:27  Orbital Command  
  20  1:38  Command Center  
  20  1:46  Supply Depot  
  20  1:52  SCV  
  21  1:58  Marine  
  22  2:04  SCV  
  22  2:07  Factory  
  23  2:12  Bunker  
  23  2:16  SCV, Marine  
  23  2:21  Refinery  
  25  2:28  SCV  
  26  2:36  Barracks Reactor  
  26  2:40  SCV  
  27  2:52  Cyclone  
  27  2:53  Orbital Command, SCV  
  30  3:05  SCV, Starport  
  31  3:12  Marine x2  
  31  3:17  SCV  
  31  3:19  SCV  
  35  3:20  Supply Depot  
  34  3:28  Widow Mine  
  34  3:29  SCV  
  34  3:31  Marine x2, SCV  
  40  3:41  Medivac, SCV  
  40  3:43  SCV  
  43  3:49  Barracks, Marine, Widow Mine  
  43  3:50  Marine  
  43  3:53  Supply Depot  
  43  3:54  SCV  
  48  3:58  SCV  
  49  4:07  SCV  
  49  4:09  Marine  
  51  4:10  Barracks, SCV  
  51  4:12  Factory Tech Lab  
  51  4:13  Starport Tech Lab  
  52  4:17  Supply Depot  
  52  4:19  Marine, SCV  
  52  4:22  SCV  
  55  4:29  Marine  
  55  4:30  Siege Tank  
  55  4:31  SCV  
  60  4:34  SCV  
  60  4:38  Bunker  
  61  4:39  Barracks  
  61  4:43  SCV  
  62  4:46  Supply Depot  
  62  4:47  SCV  
  62  4:48  Marauder  
  62  4:50  Marine  
  62  4:51  Marine  
  67  4:53  Stimpack  
  67  4:55  SCV  
  67  4:59  Engineering Bay  
  68  5:06  SCV  
  69  5:08  Siege Tank  
  69  5:09  Marine, Refinery  
  69  5:10  SCV  
  69  5:13  Marauder  
  74  5:16  Marine  
  74  5:18  SCV  
  74  5:21  Marine  
  73  5:22  SCV  
  73  5:27  Marine  
  74  5:29  Marine  
  74  5:30  SCV  
  74  5:34  SCV, Marine  
  74  5:35  Marine  
  76  5:36  Supply Depot  
  77  5:43  SCV  
  77  5:46  Supply Depot  
  77  5:49  Terran Infantry Weapons Level 1  
  78  5:50  Refinery  
  78  5:58  Starport Reactor, Marauder, SCV x2  
  78  6:00  Supply Depot  
  78  6:02  Marine x2  
  78  6:03  Factory Reactor  
  84  6:04  Combat Shield  
  84  6:05  Marauder  
  86  6:16  Marine  
  84  6:19  Marauder, Marine, SCV  
  88  6:25  Command Center  
  88  6:31  SCV x2  
  88  6:33  Marine  
  88  6:34  Marauder  
  88  6:39  Concussive Shells  
  89  6:40  Barracks Reactor, Medivac  
  89  6:43  SCV  
  89  6:44  Widow Mine  
  89  6:45  Widow Mine  
  96  6:48  SCV  
  96  6:49  Supply Depot  
  96  6:50  Medivac  
  96  6:51  Marine  
  96  6:52  Marine  
  101  7:04  Barracks  
  101  7:06  Supply Depot  
  101  7:11  Widow Mine, Marauder x2  
  101  7:12  Supply Depot, Widow Mine  
  108  7:16  Marine x2  
  110  7:23  Supply Depot  
  110  7:25  Supply Depot  
  110  7:27  SCV x2, Medivac  
  110  7:28  Marine x2  
  116  7:31  Supply Depot  
  116  7:33  Marauder  
  116  7:35  Widow Mine  
  116  7:37  Widow Mine  
  122  7:39  SCV x2  
  124  7:45  Marauder  
  124  7:50  Marine x4  
  130  7:51  SCV  
  130  7:52  Viking  
  130  7:53  SCV  
  130  7:55  Marauder  
  136  7:59  Supply Depot  
  136  8:00  Terran Infantry Armor Level 1  
  136  8:03  Barracks Tech Lab  
  136  8:04  SCV  
  136  8:05  SCV  
  138  8:10  Widow Mine x2  
  143  8:16  Marauder x2, SCV  
  143  8:19  Orbital Command  
  147  8:21  SCV  
  148  8:28  SCV, Marauder  
  148  8:33  SCV, Supply Depot  
  152  8:35  Widow Mine x2  
  152  8:37  Marauder  
  152  8:39  Viking  
  152  8:40  Viking  
  159  8:45  Marauder  
  159  8:47  Marine x2  
  150  8:49  Marauder  
  150  8:53  Marine x2  
  150  8:55  SCV x2  
  128  8:56  SCV  
  119  9:07  SCV, Marine  
  119  9:08  SCV x2  
  121  9:13  Medivac  
  123  9:19  SCV, Marauder x2  
  123  9:20  SCV  
  123  9:21  Marine  
  130  9:24  SCV  
  130  9:26  Marine  
  130  9:29  Medivac  
  134  9:31  SCV  
  134  9:32  SCV  
  134  9:33  Marine  
  134  9:35  Marauder  
  134  9:36  SCV  
  140  9:41  Marauder x2  
  140  9:43  SCV  
  140  9:44  Marine x2  
  140  9:45  SCV  
  143  9:49  Marine  
  143  9:52  Widow Mine  
  133  9:53  Marine  
  133  9:56  Marauder  
  119  10:00  SCV  
  119  10:01  SCV, Marine x2  
  119  10:02  SCV, Marauder x2  
  119  10:06  Widow Mine  
  119  10:07  Medivac, Marine  
  125  10:09  Medivac  
  125  10:11  Marine  
  129  10:16  SCV  
  129  10:17  SCV x2  
  131  10:22  Marauder  
  131  10:23  Marine  
  131  10:24  Marine  
  131  10:26  Widow Mine  
  135  10:32  Widow Mine  
  132  10:37  Ghost Academy  
  132  10:40  Viking  
  132  10:41  Viking  
  132  10:46  Command Center  
  132  10:51  Refinery  
  132  10:52  Refinery  
  132  10:54  Bunker  
  132  10:55  Widow Mine x2  
  135  10:57  Marauder  
  135  11:01  Marauder  
  135  11:05  Armory  
  135  11:06  Engineering Bay  
  135  11:08  Ghost  
  135  11:10  Marine x2  
  139  11:18  Ghost  
  141  11:20  Viking  
  141  11:21  Ghost  
  141  11:22  Viking  
  147  11:29  SCV  
  147  11:30  SCV x2  
  150  11:37  Ghost  
  150  11:40  Barracks  
  150  11:42  Barracks, SCV  
  150  11:44  Barracks  
  150  11:45  SCV x2  
  150  11:46  Ghost  
  155  11:50  Viking  
  155  11:53  Starport  
  155  11:54  SCV  
  158  11:58  Viking, Sensor Tower  
  158  11:59  Terran Infantry Weapons Level 2  
  160  12:03  Missile Turret  
  160  12:04  SCV  
  160  12:08  Missile Turret, SCV  
  159  12:09  SCV  
  159  12:14  Missile Turret  
  160  12:16  SCV  
  160  12:20  SCV  
  160  12:21  Terran Infantry Armor Level 2  
  162  12:23  Viking  
  165  12:31  Planetary Fortress  
  165  12:34  Marine, Refinery  
  165  12:36  Refinery  
  165  12:39  Barracks Tech Lab x3  
  165  12:44  Viking  
  165  12:45  Viking  
  165  12:48  Viking  
  171  12:51  Supply Depot  
  171  12:53  Ghost  
  172  13:00  Marauder  
  172  13:03  Marauder  
  174  13:06  SCV  
  174  13:10  Ghost  
  174  13:12  Marine  
  175  13:14  Marauder  
  175  13:19  Command Center  
  176  13:21  Marauder  
  176  13:25  Terran Ship Weapons Level 1  
  176  13:26  Ghost x2  
  182  13:29  Supply Depot, Marauder  
  184  13:36  Marauder  
  184  13:37  Marine x2  
  184  13:39  Marauder  
  189  13:42  Marauder  
  189  13:47  Sensor Tower  
  195  13:55  Marauder  
  195  13:56  Marauder  
  195  14:00  Viking, Medivac  
  199  14:06  Medivac  
  199  14:07  Marauder  
  199  14:08  Marine  
  199  14:22  Marine  
  199  14:23  Marine  
  199  14:25  Marine  
  199  14:30  Terran Infantry Weapons Level 3  
  194  14:35  Marauder x3, Marine  
  194  14:36  Marine  
  194  14:37  Marauder  
  184  14:41  Liberator x2  
  190  14:49  Liberator  
  190  14:50  Fusion Core  
  190  14:52  Marauder  
  194  14:54  Marauder  
  194  14:55  Marine  
  194  14:57  Marine  
  194  14:58  Marine  
  199  15:07  Terran Infantry Armor Level 3  
  199  15:08  Planetary Fortress  
  199  15:10  SCV  
  199  15:11  Missile Turret  
  200  15:17  Liberator  
  197  15:22  Command Center, SCV  
  197  15:23  SCV, Refinery  
  197  15:24  Refinery  
  197  15:25  SCV  
  200  15:42  Advanced Ballistics  
  200  15:43  Terran Ship Weapons Level 2  
  200  15:47  Liberator x2  
  200  15:48  Liberator  
  196  15:52  Marine  
  196  15:53  Marine, Marauder  
  200  15:59  Sensor Tower  
  200  16:13  Marine  
  197  16:18  Medivac  
  197  16:19  Marauder  
  200  16:29  Marauder  
  199  16:37  Liberator, Marauder  
  199  16:38  Marauder x2  
  184  16:42  Marine, Marauder x2  
  184  16:43  Marine  
  184  16:47  Liberator x2  
  167  16:48  Marine x2  
  167  16:50  Liberator, Marauder  
  174  16:58  Marauder  
  174  16:59  Marauder, Marine  
  174  17:00  Marine x2  
  172  17:02  Marine  
  172  17:03  Marauder  
  175  17:12  Marauder  
  175  17:17  Marauder  
  175  17:20  Marauder, Medivac  
  175  17:21  Marauder  
  158  17:29  Orbital Command  
  156  17:30  Medivac x2  
  156  17:31  Marauder  
  156  17:32  Medivac  
  162  17:41  Ghost  
  161  17:54  SCV  
  153  18:10  Marauder  
  153  18:12  Marine  
  156  18:19  Marine  
  144  18:21  Marine  
  144  18:24  Marauder  
  144  18:26  Marine  
  146  18:31  Marauder  
  146  18:32  Marine  
  122  18:46  Orbital Command  
  109  18:56  Marine  
Show
View Real Time Build Order
Export as new Build Order

MaxPax Protoss - Winner!

Build Orders: 1 Gate Expand, Blink Stalkers 

Get SALT Encoding   

  12  0:00  Probe  
  13  0:12  Probe  
  14  0:17  Pylon  
  14  0:24  Probe (Chrono Boost)  
  16  0:35  Gateway  
  16  0:37  Probe (Chrono Boost)  
  16  0:42  Probe (Chrono Boost)  
  16  0:44  Assimilator  
  17  0:51  Probe  
  18  1:03  Probe  
  19  1:15  Probe  
  20  1:23  Cybernetics Core  
  20  1:28  Zealot  
  22  1:36  Nexus  
  22  1:43  Pylon  
  22  1:46  Probe  
  23  1:50  Assimilator  
  23  1:59  Adept (Chrono Boost)  
  23  2:01  Probe  
  23  2:02  Warp Gate  
  26  2:13  Probe  
  27  2:19  Adept (Chrono Boost)  
  29  2:25  Probe  
  30  2:34  Twilight Council  
  30  2:37  Probe  
  31  2:47  Stalker  
  33  2:51  Probe (Chrono Boost)  
  33  2:55  Probe (Chrono Boost)  
  33  2:57  Gateway  
  33  3:00  Probe (Chrono Boost)  
  33  3:04  Probe (Chrono Boost)  
  33  3:05  Blink (Chrono Boost), Probe (Chrono Boost)  
  36  3:14  Probe  
  36  3:17  Probe  
  38  3:26  Probe  
  39  3:29  Probe  
  40  3:38  Probe  
  40  3:39  Robotics Facility  
  41  3:42  Probe  
  41  3:43  Gateway  
  41  3:46  Pylon  
  42  3:50  Stalker  
  42  3:51  Probe  
  42  3:54  Probe  
  46  4:04  Probe  
  46  4:06  Pylon, Stalker  
  46  4:08  Assimilator, Probe  
  50  4:16  Probe  
  51  4:20  Probe  
  51  4:22  Warp Prism (Chrono Boost), Stalker  
  54  4:28  Probe  
  54  4:30  Stalker  
  59  4:36  Pylon  
  59  4:39  Pylon  
  59  4:41  Stalker  
  61  4:53  Probe  
  61  4:55  Nexus  
  62  5:02  Observer  
  62  5:04  Stalker x2  
  65  5:15  Probe  
  66  5:21  Stalker  
  66  5:22  Probe  
  66  5:28  Probe  
  70  5:30  Stalker x2  
  70  5:34  Probe  
  70  5:35  Pylon  
  73  5:40  Probe  
  72  5:45  Forge  
  72  5:46  Probe  
  73  5:52  Probe  
  74  5:58  Probe  
  74  6:00  Stalker x3  
  81  6:04  Probe  
  81  6:10  Probe  
  83  6:11  Gateway  
  83  6:12  Gateway  
  77  6:23  Charge (Chrono Boost)  
  73  6:25  Probe  
  73  6:27  Protoss Ground Weapons Level 1 (Chrono Boost)  
  74  6:33  Probe  
  74  6:37  Probe  
  76  6:40  Immortal (Chrono Boost)  
  76  6:42  Gateway x2, Robotics Bay  
  76  6:45  Shield Battery  
  76  6:46  Probe  
  81  6:47  Probe  
  81  6:48  Gateway  
  81  6:51  Probe  
  81  6:52  Pylon  
  81  6:53  Sentry  
  85  6:54  Sentry  
  87  7:02  Pylon  
  87  7:03  Probe  
  87  7:04  Probe x2  
  87  7:05  Pylon  
  87  7:06  Zealot  
  92  7:11  Zealot x2  
  96  7:16  Pylon  
  96  7:17  Zealot x2  
  96  7:21  Pylon  
  96  7:22  Pylon  
  100  7:29  Colossus (Chrono Boost), Stalker  
  107  7:44  Zealot x2, Pylon x2  
  107  7:45  Zealot x4  
  119  7:56  Probe  
  120  8:02  Extended Thermal Lance, Assimilator  
  120  8:11  Zealot x7  
  130  8:12  Colossus (Chrono Boost)  
  134  8:25  Nexus  
  134  8:30  Zealot  
  134  8:31  Zealot x4, Protoss Ground Armor Level 1 (Chrono Boost)  
  138  8:47  Zealot x3  
  112  8:56  Colossus (Chrono Boost)  
  112  8:57  Zealot x4  
  108  9:14  Stalker  
  108  9:15  Stalker x3  
  108  9:18  Probe  
  108  9:22  Zealot x3, Stalker  
  117  9:30  Shield Battery  
  117  9:33  Pylon  
  108  9:39  Sentry, Zealot x3  
  108  9:40  Colossus (Chrono Boost)  
  118  9:46  Zealot  
  110  9:52  Zealot  
  110  9:53  Zealot x2  
  79  10:07  Stalker x5  
  87  10:14  Stalker x2  
  87  10:18  Probe  
  87  10:19  Dark Shrine, Probe  
  89  10:31  Colossus (Chrono Boost)  
  93  10:39  Zealot x4  
  101  10:53  Nexus  
  99  11:01  Probe  
  99  11:03  Pylon  
  100  11:04  Protoss Ground Weapons Level 2 (Chrono Boost)  
  100  11:13  Zealot x4  
  100  11:16  Colossus (Chrono Boost)  
  115  11:18  Probe  
  115  11:24  Shield Battery  
  115  11:26  Probe  
  115  11:33  Probe  
  115  11:34  Dark Templar  
  115  11:39  Dark Templar  
  120  11:41  Dark Templar  
  120  11:45  Probe  
  123  11:47  Photon Cannon  
  123  11:57  Nexus, Forge  
  123  12:01  Colossus (Chrono Boost)  
  129  12:06  Probe  
  124  12:11  Probe  
  124  12:13  Robotics Facility, Assimilator, Probe  
  124  12:14  Assimilator  
  126  12:16  Robotics Facility  
  126  12:18  Photon Cannon  
  126  12:20  Pylon  
  126  12:25  Stalker x2  
  130  12:32  Zealot x4  
  138  12:40  Disruptor (Chrono Boost)  
  138  12:42  Photon Cannon  
  138  12:43  Shield Battery  
  142  12:47  Probe  
  141  12:58  Disruptor (Chrono Boost)  
  141  13:04  Probe x2  
  145  13:06  Photon Cannon  
  145  13:12  Shadow Stride (Chrono Boost), Assimilator  
  149  13:17  Disruptor (Chrono Boost)  
  149  13:18  Disruptor (Chrono Boost)  
  149  13:19  Probe  
  146  13:20  Probe  
  146  13:21  Probe x3  
  146  13:22  Disruptor (Chrono Boost), Photon Cannon  
  146  13:24  Pylon  
  154  13:28  Zealot  
  154  13:31  Probe  
  157  13:37  Probe  
  156  13:41  Pylon  
  156  13:42  Zealot x7  
  178  13:49  Protoss Ground Armor Level 2  
  178  13:50  Observer (Chrono Boost), Disruptor (Chrono Boost)  
  178  13:51  Pylon  
  178  13:53  Disruptor (Chrono Boost)  
  177  13:59  Zealot  
  177  14:00  Pylon  
  177  14:01  Disruptor  
  174  14:16  Zealot x3  
  169  14:25  Observer (Chrono Boost), Disruptor (Chrono Boost)  
  157  14:34  Disruptor (Chrono Boost)  
  157  14:36  Zealot x8  
  177  14:42  Protoss Ground Weapons Level 3  
  177  14:44  Pylon  
  179  14:48  Nexus, Warp Prism (Chrono Boost)  
  179  14:51  Photon Cannon, Shield Battery  
  173  15:01  Zealot x2, Stalker x4  
  184  15:07  Stalker x2  
  180  15:26  Gateway  
  180  15:27  Gateway  
  180  15:28  Gateway, Stalker x6  
  192  15:35  Gateway  
  188  15:48  Zealot x2  
  192  16:02  Pylon  
  192  16:03  Nexus, Pylon  
  192  16:05  Nexus  
  192  16:07  Dark Templar x4  
  196  16:19  Observer  
  187  16:26  Observer  
  187  16:30  Dark Templar x6  
  193  16:42  Disruptor  
  193  16:45  Dark Templar  
  173  16:59  Zealot x5  
  161  17:13  Disruptor x2  
  165  17:17  Zealot x6  
  165  17:20  Disruptor  
  181  17:29  Photon Cannon, Shield Battery  
  171  17:33  Stalker x4  
  171  17:36  Zealot x2  
  182  17:43  Probe  
  175  17:46  Stalker x4  
  178  17:58  Disruptor (Chrono Boost)  
  162  18:04  Probe x3  
  168  18:09  Zealot x4  
  168  18:10  Zealot x8  
  190  18:16  Disruptor (Chrono Boost)  
  164  18:27  Disruptor (Chrono Boost)  
  141  18:41  Stalker x5  
  144  18:46  Zealot x7  
  142  19:16  Nexus  
Tags
 
Add a new tag
Caveats
  • Supply blocks, unpowered buildings, or Contaminate may cause inaccurate times.
  • Supply counts are checked every 10 seconds.